SL
CAPE CORAL HURRICANES @ SEATTLE ROCKETEERS
04/18/2050
 
TOP OF THE 1ST
Cape Coral Hurricanes batting - Pitching for Seattle Rocketeers : RHP Joe Boyle
Pitching: RHP Joe Boyle
Batting: RHB Elliot Reid 0-0: Ball
1-0: Ball
2-0: Foul Ball, location: 2F
2-1: Ball
3-1: Ground out 4-3 (Groundball, 4, EV 88.8 MPH)
Batting: LHB Lung Chaim 0-0: Called Strike
0-1: Foul Ball, location: 2F
0-2: Ball
1-2: Foul Ball, location: 2F
1-2: SINGLE (Groundball, 25, EV 73.1 MPH) (infield hit)
Batting: LHB Connor Dunne 0-0: Ball
1-0: Called Strike
1-1: Ball
2-1: Fly out, F7 (Flyball, 7S, EV 91.9 MPH)
Batting: LHB Walt Pritchard 0-0: Foul Ball, location: 2F
0-1: Foul Ball, location: 2F
0-2: Foul Ball, location: 2F
0-2: Strikes out swinging
Top of the 1st over - 0 runs, 1 hit, 0 errors, 1 left on base; Cape Coral 0 - Seattle 0
BOTTOM OF THE 1ST
Seattle Rocketeers batting - Pitching for Cape Coral Hurricanes : RHP Janghyun Han
Pitching: RHP Janghyun Han
Batting: LHB Vicente Torres 0-0: Ball
1-0: Ball
2-0: Called Strike
2-1: Called Strike
2-2: Ball
3-2: Strikes out swinging
Batting: SHB Teddy York 0-0: Ball
1-0: Swinging Strike
1-1: Fly out, F7 (Flyball, 7LS, EV 95.0 MPH)
Batting: LHB Jason Scott 0-0: Called Strike
0-1: Ball
1-1: Swinging Strike
1-2: Strikes out swinging
Bottom of the 1st over - 0 runs, 0 hits, 0 errors, 0 left on base; Cape Coral 0 - Seattle 0
TOP OF THE 2ND
Cape Coral Hurricanes batting - Pitching for Seattle Rocketeers : RHP Joe Boyle
Batting: RHB Dave Watson 0-0: Ball
1-0: Foul Ball, location: 2F
1-1: Ball
2-1: Foul Ball, location: 2F
2-2: Strikes out swinging
Batting: RHB Seong-ryong Kwon 0-0: Called Strike
0-1: Foul Ball, location: 2F
0-2: Ball
1-2: Ball
2-2: Strikes out swinging, 2-3 out at first.
Batting: LHB Vinnie van der Weiden 0-0: Called Strike
0-1: Ball
1-1: Called Strike
1-2: Foul Ball, location: 2F
1-2: Strikes out looking
Top of the 2nd over - 0 runs, 0 hits, 0 errors, 0 left on base; Cape Coral 0 - Seattle 0
BOTTOM OF THE 2ND
Seattle Rocketeers batting - Pitching for Cape Coral Hurricanes : RHP Janghyun Han
Batting: LHB Tim Walker 0-0: Ball
1-0: Ball
2-0: Foul Ball, location: 2F
2-1: Ball
3-1: Called Strike
3-2: Strikes out looking
Batting: RHB Felipe Amechazurra 0-0: Swinging Strike
0-1: Ball
1-1: Called Strike
1-2: Strikes out looking
Batting: LHB Jim Bishop 0-0: Ball
1-0: Ball
2-0: Ball
3-0: Fly out, F8 (Flyball, 8LXD, EV 108.8 MPH)
Bottom of the 2nd over - 0 runs, 0 hits, 0 errors, 0 left on base; Cape Coral 0 - Seattle 0
TOP OF THE 3RD
Cape Coral Hurricanes batting - Pitching for Seattle Rocketeers : RHP Joe Boyle
Batting: RHB Jesse Groves 0-0: Called Strike
0-1: Ball
1-1: Foul Ball, location: 2F
1-2: Foul Ball, location: 2F
1-2: Ball
2-2: Strikes out swinging
Batting: LHB Ray Winters 0-0: Ball
1-0: Ball
2-0: Ground out U3 (Groundball, 3, EV 87.5 MPH)
Batting: RHB Elliot Reid 0-0: Foul Ball, location: 2F
0-1: Swinging Strike
0-2: Foul Ball, location: 2F
0-2: Ball
1-2: Foul Ball, location: 2F
1-2: Foul Ball, location: 2F
1-2: Foul Ball, location: 2F
1-2: Foul Ball, location: 2F
1-2: Strikes out swinging
Top of the 3rd over - 0 runs, 0 hits, 0 errors, 0 left on base; Cape Coral 0 - Seattle 0
BOTTOM OF THE 3RD
Seattle Rocketeers batting - Pitching for Cape Coral Hurricanes : RHP Janghyun Han
Batting: RHB Dong-young Won 0-0: Ball
1-0: Foul Ball, location: 2F
1-1: Ball
2-1: Foul Ball, location: 2F
2-2: Fly out, F9 (Flyball, 89S, EV 88.8 MPH)
Batting: RHB Claudio Cabañas 0-0: Ground out 5-3 (Groundball, 56S, EV 90.0 MPH)
Batting: LHB Lesmana Layar 0-0: Foul Ball, location: 2F
0-1: Ball
1-1: Swinging Strike
1-2: Strikes out swinging
Bottom of the 3rd over - 0 runs, 0 hits, 0 errors, 0 left on base; Cape Coral 0 - Seattle 0
TOP OF THE 4TH
Cape Coral Hurricanes batting - Pitching for Seattle Rocketeers : RHP Joe Boyle
Batting: LHB Lung Chaim 0-0: Ball
1-0: Called Strike
1-1: Ball
2-1: Foul Ball, location: 2F
2-2: Foul Ball, location: 2F
2-2: Strikes out swinging
Batting: LHB Connor Dunne 0-0: Ball
1-0: Called Strike
1-1: Ball
2-1: Fly out, F8 (Flyball, 8RD, EV 91.9 MPH)
Batting: LHB Walt Pritchard 0-0: Called Strike
0-1: Foul Ball, location: 2F
0-2: Strikes out swinging
Top of the 4th over - 0 runs, 0 hits, 0 errors, 0 left on base; Cape Coral 0 - Seattle 0
BOTTOM OF THE 4TH
Seattle Rocketeers batting - Pitching for Cape Coral Hurricanes : RHP Janghyun Han
Batting: LHB Vicente Torres 0-0: Foul Ball, location: 2F
0-1: Foul Ball, location: 2F
0-2: Ball
1-2: Ball
2-2: Ball
3-2: Ground out U3 (Groundball, 3, EV 86.2 MPH)
Pitching: RHP Jack Williams
Batting: SHB Teddy York 0-0: Ball
1-0: Swinging Strike
1-1: Swinging Strike
1-2: Ball
2-2: Foul Ball, location: 2F
2-2: Strikes out swinging
Batting: LHB Jason Scott 0-0: Called Strike
0-1: Foul Ball, location: 2F
0-2: Foul Ball, location: 2F
0-2: Ball
1-2: Ball
2-2: Strikes out swinging
Bottom of the 4th over - 0 runs, 0 hits, 0 errors, 0 left on base; Cape Coral 0 - Seattle 0
TOP OF THE 5TH
Cape Coral Hurricanes batting - Pitching for Seattle Rocketeers : RHP Joe Boyle
Pitching: RHP Tony Modlin
Now at 2B: Job Wooddisse
Batting: RHB Dave Watson 0-0: Fly out, F9 (Flyball, 9S, EV 87.5 MPH)
Batting: RHB Seong-ryong Kwon 0-0: Ball
1-0: DOUBLE (Line Drive, 7LM, EV 105.0 MPH)
Batting: LHB Vinnie van der Weiden 0-0: Ball
1-0: Foul Ball, location: 2F
1-1: SINGLE (Groundball, 25, EV 69.4 MPH) (infield hit)
Seong-ryong Kwon to third
Batting: RHB Jesse Groves
Pinch Hitting: LHB Scott Bissonnette 0-0: Called Strike
0-1: Called Strike
0-2: Strikes out swinging
Batting: LHB Ray Winters 0-0: Ball
1-0: Ground out 4-3 (Groundball, 34D, EV 79.4 MPH)
Top of the 5th over - 0 runs, 2 hits, 0 errors, 2 left on base; Cape Coral 0 - Seattle 0
BOTTOM OF THE 5TH
Seattle Rocketeers batting - Pitching for Cape Coral Hurricanes : RHP Jack Williams
Now at C: Keith Wilfred
Now at 2B: Carlos Campos
Now at 3B: Tim Hendricks
Now in LF: Miguel Lajara
Now in CF: Carlos Velardes
Batting: LHB Tim Walker 0-0: Called Strike
0-1: Called Strike
0-2: Ball
1-2: Ball
2-2: Foul Ball, location: 2F
2-2: Strikes out swinging
Batting: RHB Felipe Amechazurra 0-0: Swinging Strike
0-1: Called Strike
0-2: Strikes out looking
Batting: LHB Jim Bishop 0-0: Ball
1-0: Ball
2-0: Ball
3-0: Called Strike
3-1: Base on Balls
Batting: RHB Dong-young Won 0-0: Ball
1-0: Called Strike
1-1: Ball
2-1: Foul Ball, location: 2F
2-2: Strikes out swinging
Bottom of the 5th over - 0 runs, 0 hits, 0 errors, 1 left on base; Cape Coral 0 - Seattle 0
TOP OF THE 6TH
Cape Coral Hurricanes batting - Pitching for Seattle Rocketeers : RHP Tony Modlin
Pitching: LHP Fernando Marín
Now at SS: Barton Ryan
Pinch Hitting: RHB Kane Blackwood 0-0: Ball
1-0: Foul Ball, location: 2F
1-1: Swinging Strike
1-2: Ball
2-2: Strikes out looking
Pinch Hitting: RHB Barthelemy Caraccioni 0-0: Fly out, F9 (Flyball, 89S, EV 85.0 MPH)
Batting: SHB Miguel Lajara 0-0: Called Strike
0-1: Ball
1-1: Ball
2-1: Ball
3-1: Called Strike
3-2: Strikes out swinging
Top of the 6th over - 0 runs, 0 hits, 0 errors, 0 left on base; Cape Coral 0 - Seattle 0
BOTTOM OF THE 6TH
Seattle Rocketeers batting - Pitching for Cape Coral Hurricanes : RHP Jack Williams
Pitching: RHP Thomas Zachary
Now at SS: Sam Collins
Now in LF: José Robles
Now in CF: Kane Blackwood
Now in RF: Miguel Lajara
Batting: RHB Claudio Cabañas 0-0: Called Strike
0-1: Fly out, F9 (Flyball, 89S, EV 88.8 MPH)
Batting: LHB Lesmana Layar 0-0: Called Strike
0-1: Foul Ball, location: 2F
0-2: Foul Ball, location: 2F
0-2: Foul Ball, location: 2F
0-2: DOUBLE (Groundball, 3D, EV 106.2 MPH)
Batting: LHB Ta-hye Keng 0-0: Ball
Wild Pitch!
Lesmana Layar to third
1-0: Ball
2-0: Ball
3-0: Base on Balls
Batting: RHB Barton Ryan 0-0: Called Strike
Ta-hye Keng steals 2nd base
0-1: Foul Ball, location: 2F
0-2: Ground out 6-3 (Groundball, 6, EV 80.0 MPH)
Batting: RHB Job Wooddisse 0-0: Foul Ball, location: 2F
0-1: Swinging Strike
0-2: Foul Ball, location: 2F
0-2: Foul Ball, location: 2F
0-2: Ball
1-2: Ball
2-2: Ball
3-2: Ground out 5-3 (Groundball, 5, EV 81.9 MPH)
Bottom of the 6th over - 0 runs, 1 hit, 0 errors, 2 left on base; Cape Coral 0 - Seattle 0
TOP OF THE 7TH
Cape Coral Hurricanes batting - Pitching for Seattle Rocketeers : LHP Fernando Marín
Pitching: RHP Fred Tuffley
Now in CF: Tim Wright
Now in RF: Alexander Karshev
Pinch Hitting: SHB Ziad Fakhir 0-0: Called Strike
0-1: Foul Ball, location: 2F
0-2: Strikes out looking
Batting: RHB Rick MacIlleriach 0-0: Ground out 6-3 (Groundball, 6S, EV 70.0 MPH)
Pinch Hitting: LHB Edgardo Monje 0-0: Called Strike
0-1: Ball
1-1: Ground out 4-3 (Groundball, 4M, EV 85.6 MPH)
Top of the 7th over - 0 runs, 0 hits, 0 errors, 0 left on base; Cape Coral 0 - Seattle 0
BOTTOM OF THE 7TH
Seattle Rocketeers batting - Pitching for Cape Coral Hurricanes : RHP Thomas Zachary
Pitching: LHP Leo Clark
Now at 2B: Roland Thomas
Now at 3B: Qing-nian Zhai
Pinch Hitting: RHB Miron Bozovic 0-0: Ball
1-0: Called Strike
1-1: Foul Ball, location: 2F
1-2: Foul Ball, location: 2F
1-2: Strikes out looking
Batting: RHB Felipe Amechazurra 0-0: Ball
1-0: Called Strike
1-1: Ball
2-1: Called Strike
2-2: Foul Ball, location: 2F
2-2: Foul Ball, location: 2F
2-2: Foul Ball, location: 2F
2-2: Foul Ball, location: 2F
2-2: Ball
3-2: Foul Ball, location: 2F
3-2: Foul Ball, location: 2F
3-2: Base on Balls
Pinch Hitting: RHB Felipe Lamoncha 0-0: SINGLE (Groundball, 56D, EV 105.6 MPH)
Felipe Amechazurra to second
Pinch Hitting: RHB Ye-qing Zou 0-0: Foul Ball, location: 2F
0-1: Ball
1-1: Grounds into double play, 6-4-3 (Groundball, 6, EV 84.4 MPH)
Bottom of the 7th over - 0 runs, 1 hit, 0 errors, 1 left on base; Cape Coral 0 - Seattle 0
TOP OF THE 8TH
Cape Coral Hurricanes batting - Pitching for Seattle Rocketeers : RHP Fred Tuffley
Pitching: LHP Basilio Delgado
Now at 1B: Ye-qing Zou
Now in LF: Juan Rivera
Now in RF: Felipe Lamoncha
Pinch Hitting: LHB Rommel Fflunker 0-0: Fly out, F8 (Flyball, 8LM, EV 90.6 MPH)
Batting: RHB Keith Wilfred 0-0: Called Strike
0-1: Ball
1-1: Foul Ball, location: 2F
1-2: Ball
2-2: Foul Ball, location: 2F
2-2: Ball
3-2: Ground out 4-3 (Groundball, 4, EV 103.1 MPH)
Batting: RHB José Robles 0-0: Fly out, F8 (Flyball, 8LD, EV 97.5 MPH)
Top of the 8th over - 0 runs, 0 hits, 0 errors, 0 left on base; Cape Coral 0 - Seattle 0
BOTTOM OF THE 8TH
Seattle Rocketeers batting - Pitching for Cape Coral Hurricanes : LHP Leo Clark
Pitching: LHP Ward Brooks
Now at 1B: Rommel Fflunker
Batting: RHB Claudio Cabañas 0-0: Foul Ball, location: 2F
0-1: Ball
1-1: DOUBLE (Line Drive, 8LD, EV 108.1 MPH)
Batting: RHB Tim Wright 0-0: Ball
1-0: Called Strike
1-1: Foul Ball, location: 2F
1-2: Ball
2-2: Strikes out swinging
Batting: RHB Dana O'Quinlevan 0-0: Swinging Strike
0-1: Called Strike
0-2: Ball
1-2: Strikes out looking
Batting: RHB Barton Ryan 0-0: Called Strike
0-1: Called Strike
0-2: Ball
1-2: Strikes out looking
Bottom of the 8th over - 0 runs, 1 hit, 0 errors, 1 left on base; Cape Coral 0 - Seattle 0
TOP OF THE 9TH
Cape Coral Hurricanes batting - Pitching for Seattle Rocketeers : LHP Basilio Delgado
Pitching: RHP Ernesto Bañuelos
Batting: RHB Kane Blackwood 0-0: Called Strike
0-1: Ball
1-1: Ball
2-1: Swinging Strike
2-2: Strikes out swinging
Batting: RHB Sam Collins 0-0: Ball
1-0: Called Strike
1-1: Foul Ball, location: 2F
1-2: Ball
2-2: Foul Ball, location: 2F
2-2: Ground out 6-3 (Groundball, 56, EV 109.4 MPH)
Batting: SHB Miguel Lajara 0-0: Fly out, F9 (Line Drive, 9S, EV 86.2 MPH)
Top of the 9th over - 0 runs, 0 hits, 0 errors, 0 left on base; Cape Coral 0 - Seattle 0
BOTTOM OF THE 9TH
Seattle Rocketeers batting - Pitching for Cape Coral Hurricanes : LHP Ward Brooks
Pitching: RHP Bret West
Batting: RHB Job Wooddisse 0-0: DOUBLE (Flyball, 8LD, EV 87.5 MPH)
Batting: RHB Juan Rivera 0-0: Ball
1-0: Called Strike
1-1: Swinging Strike
1-2: Ball
2-2: Foul Ball, location: 2F
2-2: Strikes out swinging
Pinch Hitting: LHB Jin-song Au-Yong 0-0: Ball
1-0: Ball
2-0: Called Strike
2-1: Swinging Strike
2-2: Foul Ball, location: 2F
2-2: Ball
3-2: Foul Ball, location: 2F
3-2: Strikes out swinging
Batting: RHB Felipe Lamoncha 0-0: Intentional Walk
Batting: RHB Ye-qing Zou 0-0: Called Strike
0-1: Called Strike
0-2: SINGLE (Groundball, 6D, EV 95.6 MPH)
Job Wooddisse to third
Felipe Lamoncha to second
Runner from 3rd tries for Home, SAFE, throw by LF to home
Bottom of the 9th over - 1 run, 2 hits, 0 errors, 2 left on base; Cape Coral 0 - Seattle 1
Friday, March 31st , 2023 - OOTP Baseball 23.10 Build 110